 Dungeon Sprint DCSS version 0.30-a0-311-gf115ab0292 (webtiles) character file.

Game seed: 2208572280845503136

574 rocky1 the Grappler (level 7, -4/56 HPs)
             Began as a Grey Draconian Transmuter on Oct 26, 2022.
             Was an Initiate of Gozag.
             Killed by miscasting Ice Form (12 damage)
             ... in the Dungeon (Sprint IX: "|||||||||||||||||||||||||||||").
             The game lasted 00:01:46 (387 turns).

rocky1 the Grappler (Grey Draconian Transmuter)      Turns: 387, Time: 00:01:46

Health: -4/56      AC: 14    Str: 15    XL:     7   Next: 12%
Magic:  6/15       EV: 14    Int: 16    God:    Gozag
Gold:   0          SH:  0    Dex: 11    Spells: 7/17 levels left

rFire   . . .      SeeInvis .      - Unarmed
rCold   . . .      Faith    .    (no shield)
rNeg    . . .      Spirit   .    (body armour unavailable)
rPois   .          Reflect  .    (helmet restricted)
rElec   .          Harm     .    (no cloak)
rCorr   .          Rampage  .    k - +0 pair of gloves
Will    .....      NoTele   +    (no boots)
Stlth   +.........               (no amulet)
HPRegen 0.29/turn                l - +2 ring of protection
MPRegen 0.14/turn                m - +3 ring of strength

@: gold aura, on berserk cooldown, very slightly contaminated, hasted, very
quick
A: AC +11, amphibious, unfitting armour, cold-blooded
a: Renounce Religion, Potion Petition, Call Merchant, Bribe Branch


You were in the Dungeon.
You worshipped Gozag.
Gozag was noncommittal.
You visited 1 branch

Inventory:

Armour
 k - a +0 pair of gloves (worn)
Jewellery
 l - a +2 ring of protection (left hand)
 m - a +3 ring of strength (right hand)
Wands
 j - a wand of roots (10)
Scrolls
 g - 2 scrolls of blinking
 i - 2 scrolls of amnesia
Potions
 a - a potion of lignification
 b - 5 potions of curing
 c - a potion of invisibility
 e - 4 potions of magic


   Skills:
 + Level 2.6 Fighting
 + Level 6.5 Dodging
 + Level 11.2 Unarmed Combat
 + Level 5.8 Spellcasting
 + Level 6.0 Transmutations


You had 7 spell levels left.
You knew the following spells:

 Your Spells              Type           Power      Damage    Failure   Level
a - Beastly Appendage     Tmut           48%        N/A       1%          1
b - Wereblood             Tmut           24%        N/A       1%          2
c - Spider Form           Tmut/Pois      14%        N/A       12%         3
d - Ice Form              Ice/Tmut       14%        N/A       38%         4

Your spell library contained the following spells:

 Spells                   Type           Power      Damage    Failure   Level


Dungeon Overview and Level Annotations

Branches:
Dungeon (1/1)

Altars:
Cheibriados
Dithmenos
Elyvilon
Fedhas
Gozag
Hepliaklqana
Kikubaaqudgha
Makhleb
Nemelex Xobeh
Okawaru
Qazlal
Ru
Sif Muna
Trog
Uskayaw
Vehumet
Wu Jian
Xom
Yredelemnul
Zin
The Shining One
Jiyva
Lugonu


Innate Abilities, Weirdness & Mutations

Your dull iron-grey scales are very hard. (AC +11)
You are amphibious.
You cannot fit into any form of body armour.
You are cold-blooded and may be slowed by cold attacks.


Message History

You hit the wyvern but do no damage. The wyvern misses you.
The wyvern barely misses you.
You hit the wyvern.
The wyvern is lightly wounded.
The wyvern bites you!
* * * LOW HITPOINT WARNING * * *
The wyvern bites you but does no damage.
Unknown command.
You feel much better.
The wyvern bites you but does no damage.
The wyvern barely misses you.
You feel yourself speed up. The wyvern bites you!
The wyvern bites you but does no damage.
Unknown command.
You closely miss the wyvern.
The wyvern is lightly wounded.
The wyvern misses you.
You closely miss the wyvern.
Your tail-slap misses the wyvern.
The wyvern is lightly wounded.
The wyvern bites you but does no damage.
The wyvern is distracted by your dazzling golden aura.
The wyvern hisses angrily.
You hit the wyvern.
The wyvern is no longer distracted by gold.
The wyvern is lightly wounded.
The wyvern bites you.
You punch the wyvern! You tail-slap the wyvern. Your punch misses the wyvern.
The wyvern is heavily wounded.
You feel yourself speed up. The wyvern bites you!
* * * LOW HITPOINT WARNING * * *
Okay, then.
Casting: Spider Form (dangerous; 12% risk of failure)
Confirm with . or Enter, or press ? or * to list all spells.
The spell is quite dangerous to miscast (38% risk of failure)!
Continue anyway?
You miscast Ice Form.
You are very lightly contaminated with residual magic.
You are encased in ice!
You die...
Your body crumbles into a pile of gold. ▓▓▓▓▓▓▓▓▓▓▓▓▓▓▓▓▓▓▓▓ __'..)..[[..$$$$@l.+ ▓▓▓▓▓▓▓▓▓▓▓▓▓▓▓▓▓▓▓▓ $ $ $$$$$ $ $ $ $$$$$

You could see a wyvern.

Vanquished Creatures
  A troll (D)
  2 centaurs (D)
  A kobold brigand (D)
  A howler monkey (D)
  A hound (D)
  An iguana (D)
  An orc wizard (D)
  An ufetubus (D)
  A dart slug (D)
  An orc (D)
  A jackal (D)
  A quokka (D)
  A ball python (D)
  A frilled lizard (D)
15 creatures vanquished.

Notes
Turn   | Place    | Note
-------+----------+-------------------------------------------
     0 | D        | rocky1 the Draconian Transmuter began the quest for the
                  | Orb.
     0 | D        | Reached XP level 1. HP: 16/16 MP: 3/3
    17 | D        | Reached skill level 4 in Unarmed Combat
   249 | D        | Noticed an iguana
   249 | D        | Noticed an orc wizard
   249 | D        | Noticed a hound
   254 | D        | Reached XP level 2. HP: 19/23 MP: 2/5
   263 | D        | Reached skill level 5 in Unarmed Combat
   263 | D        | Reached XP level 3. HP: 15/28 MP: 3/7
   277 | D        | Reached skill level 6 in Unarmed Combat
   282 | D        | Reached XP level 4. HP: 35/35 MP: 3/9
   287 | D        | Found a snail-covered altar of Cheibriados.
   287 | D        | Found a shadowy altar of Dithmenos.
   287 | D        | Found a white marble altar of Elyvilon.
   287 | D        | Found a blossoming altar of Fedhas.
   287 | D        | Found an opulent altar of Gozag.
   288 | D        | Found a hazy altar of Hepliaklqana.
   289 | D        | Found a viscous altar of Jiyva.
   290 | D        | Found an ancient bone altar of Kikubaaqudgha.
   291 | D        | Found a corrupted altar of Lugonu.
   292 | D        | Found a burning altar of Makhleb.
   293 | D        | Found a sparkling altar of Nemelex Xobeh.
   294 | D        | Found an iron altar of Okawaru.
   295 | D        | Became a worshipper of Gozag Ym Sagoz the Greedy
   296 | D        | Found a stormy altar of Qazlal.
   297 | D        | Found a sacrificial altar of Ru.
   298 | D        | Found a shimmering blue altar of Sif Muna.
   299 | D        | Found a bloodstained altar of Trog.
   300 | D        | Found a hide-covered altar of Uskayaw.
   301 | D        | Found a radiant altar of Vehumet.
   302 | D        | Found an ornate altar of the Wu Jian Council.
   303 | D        | Found a shimmering altar of Xom.
   304 | D        | Found a basalt altar of Yredelemnul.
   305 | D        | Found a glowing silver altar of Zin.
   306 | D        | Found a glowing golden altar of the Shining One.
   341 | D        | Learned a level 2 spell: Wereblood
   345 | D        | Learned a level 3 spell: Spider Form
   350 | D        | Learned a level 4 spell: Ice Form
   351 | D        | Noticed a troll
   351 | D        | Noticed a centaur
   351 | D        | Noticed a centaur
   351 | D        | Noticed a kobold brigand
   351 | D        | Noticed a wyvern
   358 | D        | Killed a troll
   359 | D        | Reached skill level 5 in Dodging
   359 | D        | Reached skill level 9 in Unarmed Combat
   359 | D        | Reached skill level 5 in Spellcasting
   359 | D        | Reached skill level 5 in Transmutations
   359 | D        | Reached XP level 5. HP: 28/41 MP: 6/12
   359 | D        | Reached XP level 6. HP: 33/48 MP: 6/13
   361 | D        | Reached skill level 10 in Unarmed Combat
   376 | D        | Reached skill level 11 in Unarmed Combat
   376 | D        | Your scales start taking on a dull iron-grey colour.
   376 | D        | Reached XP level 7. HP: 42/56 MP: 9/15
   387 | D        | Killed by miscasting Ice Form

Illustrated notes

Levels and vault maps discovered:
D:        linesprint [early_d, line_temple, items_1, d_10, items_2, lair_1,
          lair_end, items_3, orc_1, orc_end, items_4, d_15, swamp_1, shoals_1,
          snake_1, spider_1, d_20, vaults_1, items_5, swamp_end, shoals_end,
          snake_end, spider_end, vaults_end, d_27, items_6, zot_1, zot_end,
          crypt_end, forest_end, elf_end, slime_end, tomb_end, abyss_end,
          pan_hell_end]

Skill      XL: |  1  2  3  4  5  6 |
---------------+-------------------+-----
Dodging        | 2 3 5 6 |  6.5
Unarmed Combat | 4 5 6 9 11 | 11.2
Spellcasting   | 3 5 |  5.8
Transmutations | 3 5 6 |  6.0
Fighting       | 2 |  2.6

Action                   |  1- 3 |  4- 6 |  7- 9 || total
-------------------------+-------+-------+-------++-------
Melee: Unarmed           |    38 |    18 |     8 ||    64
       Kick              |    10 |       |       ||    10
       Tailslap          |     6 |       |     1 ||     7
       Punch             |     1 |     1 |       ||     2
 Cast: Beastly Appendage |     4 |       |       ||     4
       Spider Form       |       |     1 |       ||     1
  Use: Potion            |     1 |     2 |     2 ||     5
Armor: Skin              |     8 |     1 |     4 ||    13
Dodge: Dodged            |    16 |    15 |     5 ||    36

Table legend: (Time is in decaauts)
 A = Elapsed time spent in this place.
 B = Non-inter-level travel time spent in this place.
 C = Inter-level travel time spent in this place.
 D = Time resting spent in this place.
 E = Time spent auto-exploring this place.
 F = Levels seen in this place.
 G = Mean time per level.
                   A        B        C        D        E       F      G
               +--------+--------+--------+--------+--------+-----+--------+
         Total |    381 |    381 |      0 |    227 |      0 |   1 |  381.0 |
       Dungeon |    381 |    381 |      0 |    227 |      0 |   1 |  381.0 |
               +--------+--------+--------+--------+--------+-----+--------+

Top non-repeatable levels by time:
       D: 381 daAuts
